 Dungeon Crawl Stone Soup version 0.18-a0-1692-g516f9e9 (webtiles) character file.

31 Gorice the Stinger (level 3, -2/24 HPs)
             Began as a Demonspawn Venom Mage on Apr 5, 2016.
             Slain by an adder (5 damage)
             ... on level 2 of the Dungeon.
             The game lasted 00:04:51 (1081 turns).

Gorice the Stinger (Demonspawn Venom Mage)          Turns: 1081, Time: 00:04:52

Health: -2/24      AC:  3    Str:  8    XL:     3   Next: 7%
Magic:  2/6        EV: 12    Int: 17    God:
Gold:   24         SH:  0    Dex: 13    Spells: 2 memorised, 4 levels left

rFire  . . .     SeeInvis .     (no weapon)
rCold  . . .     Gourm    .     a - +1 robe
rNeg   . . .     Faith    .     (no shield)
rPois  .         Spirit   .     (no helmet)
rElec  .         Dismiss  .     (no cloak)
rCorr  .         Reflect  .     (no gloves)
SustAt .         Harm     .     (no boots)
MR     .....                    (no amulet)
Stlth  ++........               (no ring)
                                (no ring)

@: lethally poisoned (-2 -> -5), not resistant to hostile enchantments,
unstealthy
A: demonic guardian 1
a: no special abilities


You were on level 2 of the Dungeon.
You were very hungry.

You visited 1 branch of the dungeon, and saw 2 of its levels.

You collected 24 gold pieces.

Inventory:

Hand Weapons
 m - a +0 whip
 p - a +0 dagger
Missiles
 k - 21 sling bullets
 Z - 47 stones (quivered)
Armour
 a - a +1 robe (worn)
 d - a +0 ring mail
 j - a +1 shield of fire resistance
   (You found it on level 1 of the Dungeon)
Scrolls
 e - 2 scrolls of fear {!r}
Potions
 g - 2 potions of might {!q}
 h - a potion of mutation {unknown}
 n - a potion of ambrosia {unknown}
 o - a potion of curing {unknown}
Books
 b - a Young Poisoner's Handbook
Comestibles
 c - a bread ration {!e}


   Skills:
 - Level 1.7 Dodging
 - Level 1.7 Stealth
 + Level 2.5 Spellcasting
 * Level 2.1 Conjurations
 - Level 4.0 Poison Magic


You had 4 spell levels left.
You knew the following spells:

 Your Spells              Type           Power        Failure   Level  Hunger
a - Sting                 Conj/Pois      ##..         6%          1    #......
b - Cure Poison           Pois           ###.......   6%          2    ##.....


Dungeon Overview and Level Annotations

Branches:
Dungeon (2/15)

Altars:

Annotations:
D:2 Terence


Innate Abilities, Weirdness & Mutations

A weak demonic guardian rushes to your aid.


Message History

Terence screams, "I'm going to kill you!"
Your crimson imp blinks!
You are feeling very hungry.
Terence hits you with a flail!
Damage: 8 (max 8)
The adder bites you but does no damage.
Your crimson imp disappears in a puff of smoke!
The adder bites you.
You are poisoned.
The adder poisons you!
Things that are here:
a club; a kobold corpse; Damage: 2 (max 8)
You feel sick.
Your white imp misses the adder.
You see here a club.
Damage: 1 (max 8) Terence hits your white imp with a flail.
Your white imp gestures at the adder.
The puff of frost misses the adder.
The puff of frost hits you!
* * * LOW HITPOINT WARNING * * *
There is a stone staircase leading up here.
Damage: 9 (max 9) Unknown command.
Unknown command.
Unknown command.
Unknown command.
Unknown command.
Unknown command.
Casting: Sting
Confirm with . or Enter, or press ? or * to list all spells.
Aiming: Sting
Press: ? - help, Shift-Dir - straight line, f/p - Terence
Aim: Terence, wielding a flail and wearing a chain mail (moderately wounded)
The sting hits the adder.
The adder is lightly wounded.
* * * LOW HITPOINT WARNING * * *
You feel sick. The adder bites you.
* * * LOW HITPOINT WARNING * * *
Terence hits your white imp with a flail.
Your white imp hits Terence but does no damage.
Damage: 2 (max 9) Unknown command.
Casting: Sting
Confirm with . or Enter, or press ? or * to list all spells.
Aiming: Sting
Press: ? - help, Shift-Dir - straight line, f/p - Terence
Aim: Terence, wielding a flail and wearing a chain mail (moderately wounded)
The sting hits the adder.
The adder appears unharmed.
The adder is lightly wounded.
The adder bites you.
You die...

#.........(..# ..
#............#
#............#
#............#
#.@..........#####
#5................
#)#########.......
#S# #....... #@#
#....... ###
#....... #.......
#....... ########


You could see Terence, an adder and a friendly white imp.

Vanquished Creatures
  2 dart slugs
  A giant gecko (D:2)
  A bat (D:1)
  2 giant cockroaches (D:1)
  4 goblins (D:1)
  5 hobgoblins
  2 giant newts (D:1)
  6 kobolds
  2 rats (D:1)
25 creatures vanquished.

Notes
Turn   | Place    | Note
--------------------------------------------------------------
     0 | D:1      | Gorice the Demonspawn Venom Mage began the quest for the Orb.
     0 | D:1      | Reached XP level 1. HP: 13/13 MP: 3/3
    75 | D:1      | Reached skill level 1 in Conjurations
   205 | D:1      | Gained mutation: A weak demonic guardian rushes to your aid. [demonic ancestry]
   205 | D:1      | Reached XP level 2. HP: 19/19 MP: 1/5
   837 | D:1      | Reached skill level 2 in Conjurations
   902 | D:1      | Learned a level 2 spell: Cure Poison
  1010 | D:2      | Reached XP level 3. HP: 24/24 MP: 3/6
  1019 | D:2      | Noticed Terence
  1079 | D:2      | HP: 5/24 [white imp/puff of frost[the player character] (9)]
  1081 | D:2      | Slain by an adder

Vault maps used:
D:1:      matt_arrival_refuge
D:2:      lemuel_doored_altar, uniq_terence

Skill      XL: |  1  2 |
---------------+-------+-----
Conjurations   | 1 2 |  2.1
Dodging        | |  1.7
Stealth        | |  1.7
Spellcasting   | |  2.5
Poison Magic   | |  4.0

Action                   || total
-------------------------++-------
Melee: Unarmed           ||    11
Throw: Stone             ||     6
 Cast: Sting             ||    47
  Use: Scroll            ||     4

Table legend:
 A = Turns spent in this place as a percentage of turns spent in the entire game.
 B = Non-inter-level travel turns spent in this place as a percentage of non-inter-level travel turns spent in the entire game.
 C = Inter-level travel turns spent in this place as a percentage of turns spent in this place.
 D = Turns resting spent in this place as a percentage of non-inter-level travel turns spent in this place.
 E = Turns spent auto-exploring this place as a percentage of non-inter-level travel turns spent in this place.
 F = Non-inter-level travel turns spent in this place divided by the number of levels of this place that you've seen.
                   A       B       C       D       E      F
               +-------+-------+-------+-------+-------+----------------------
         Total | 100.0 | 100.0 |   0.3 |   4.3 |   6.4 | 188.0
       Dungeon | 100.0 | 100.0 |   0.3 |   4.3 |   6.4 | 188.0
               +-------+-------+-------+-------+-------+----------------------

Vault maps used:
D:1:      matt_arrival_refuge
D:2:      lemuel_doored_altar, uniq_terence
